cohdb
Replays
Latest Replays
All Replays
Popular Replays
Top Player Replays
Match Explorer
How It Works
Community
CoH3 Stats
Reddit
Sign in to upload your games and track your stats! →
Sign in with Steam
Match 43071604
Unlisted
Match 43071604
Overview
Messages
Build Orders
End
Kradschützen Motorcycle Team
Selects Armored Support Battlegroup
Selects Armored Support Battlegroup
Panzerpioneer Squad
Panzergrenadier Squad
250 Light Carrier
Construct Light Support Kompanie
Combat Half-tracks
Selects Superior Fire Drills
Fire Support Elements
Flakvierling Half-track
Panzerjäger Mechanized Group
2.5-tonne Medical Truck
MG34 Team
Selects Flammpanzer III Medium Tank
Flammpanzer III Medium Tank
Construct Panzerarmee Kommand
Panzer III L Medium Tank
Panzer III L Medium Tank
Panzer III L Medium Tank
Selects Salvage Kits
Selects Panzer Storm
Selects Salvage Kits
Selects Panzer Storm
Selects Stuka Dive Bomb
MG34 Team
Vehicle Survival Package
Panzer III L Medium Tank
Panzer Storm
Stuka Dive Bomb
Flammpanzer III Medium Tank
Panzer III L Medium Tank
咚咚锵个腿
Peacemaker
0
0
Comments
sign in to comment!
No comments posted yet!